 Dungeon Crawl Stone Soup version 0.29.0-11-gd7f09526c8 (webtiles) character file.

Game seed: 6358795666693185626

213438 browni3141 the Eclecticist (level 19, -28/146 HPs)
             Began as a Formicid Conjurer on Sept 3, 2022.
             Was a High Priest of Vehumet.
             Killed from afar by Louise (46 damage)
             ... with a bolt of lightning
             ... on level 2 of the Elven Halls.
             The game lasted 03:09:58 (56808 turns).

browni3141 the Eclecticist (Formicid Conjurer)     Turns: 56808, Time: 03:09:59

Health: -28/146    AC: 20    Str: 20    XL:     19   Next: 68%
Magic:  0/41       EV: 12    Int: 32    God:    Vehumet [*****.]
Gold:   1004       SH: 14    Dex: 14    Spells: 6/54 levels left

rFire   + + .      SeeInvis +   F - +7 lajatang "Hydrabane" {drain, Fragile Will++ Str+2}
rCold   + . .      Faith    .   z - +2 kite shield {rC+}
rNeg    + . .      Spirit   .   R - +1 pearl dragon scales
rPois   .          Reflect  .   (helmet unavailable)
rElec   .          Harm     .   I - +1 cloak {rCorr}
rCorr   +          Rampage  .   g - +0 pair of gloves
Will    +++..                   G - +1 pair of boots {Stlth+}
Stlth   +++.......              w - amulet of the acrobat
HPRegen 0.34/turn               k - ring of Dawithar {*Slow Str+6 Int+6 Dex+2}
MPRegen 0.27/turn               X - ring of Fragile Peace {Wiz rF++}

@: no status effects
A: permanent stasis, dig shafts and tunnels, antennae 3, four strong arms
}: 1/15 runes: serpentine
a: Dig, Shaft Self, Renounce Religion


You were on level 2 of the Elven Halls.
You worshipped Vehumet.
Vehumet was extremely pleased with you.
You visited 6 branches of the dungeon, and saw 29 of its levels.
You also visited: Gauntlet.

You collected 3575 gold pieces.
You spent 2571 gold pieces at shops.


Innate Abilities, Weirdness & Mutations

You cannot be hasted, slowed, berserked, paralysed or teleported.
You can dig through walls and to a lower floor.
You have a pair of large antennae on your head. (SInv)
Your four strong arms can wield two-handed weapons with a shield.


   Skills:
 - Level 12.0 Fighting
 - Level 2.0 Short Blades
 - Level 8.0 Armour
 - Level 8.0 Dodging
 * Level 7.9 Stealth
 - Level 12.0 Shields
 - Level 18.0 Spellcasting
 - Level 15.0 Conjurations
 - Level 8.0 Hexes
 - Level 2.0 Translocations
 - Level 9.0 Transmutations
 - Level 3.0 Fire Magic
 - Level 3.0 Air Magic
 - Level 11.0 Poison Magic
 - Level 8.0 Evocations


You had 6 spell levels left.
You knew the following spells:

 Your Spells              Type           Power      Damage    Failure   Level
b - Orb of Destruction    Conj           45%        9d12      1%          7
c - Mephitic Cloud        Conj/Pois/Air  74%        N/A       1%          3
d - Dazzling Flash        Conj/Hex       100%       N/A       1%          3
f - Fulminant Prism       Conj/Hex       40%        3d20      1%          4
l - Lightning Bolt        Conj/Air       36%        1d54      1%          5
m - Iskenderun's Mystic   Conj/Tloc      70%        2d14      1%          4
o - Olgreb's Toxic Radia  Pois           78%        N/A       1%          4
s - Searing Ray           Conj           100%       2d8       0%          2
y - Sticky Flame          Conj/Fire      72%        2d9       1%          4
z - Magic Dart            Conj           100%       1d8       0%          1
X - Eringya's Noxious Bo  Tmut/Pois      37%        N/A       2%          6
Y - Yara's Violent Unrav  Hex/Tmut       35%        3d14      1%          5

Your spell library contained the following spells:

 Spells                   Type           Power      Damage    Failure   Level
 Maxwell's Capacitive Co  Air            24%        ∞         100%        8
 Beastly Appendage        Tmut           100%       N/A       1%          1
 Freeze                   Ice            100%       1d11      1%          1
 Sandblast                Erth           56%        2d13      1%          1
 Slow                     Hex            100%       N/A       1%          1
 Sting                    Tmut/Pois      100%       1d8       1%          1
 Ensorcelled Hibernation  Hex/Ice        100%       N/A       1%          2
 Passwall                 Tmut/Erth      45%        N/A       1%          2
 Static Discharge         Conj/Air       72%        3-12/arc  1%          2
 Wereblood                Tmut           72%        N/A       1%          2
 Ignite Poison            Fire/Tmut/Pois 67%        N/A       1%          3
 Portal Projectile        Hex/Tloc       100%       N/A       1%          3
 Spider Form              Tmut/Pois      75%        N/A       1%          3
 Stone Arrow              Conj/Erth      100%       3d13      1%          3
 Cause Fear               Hex            34%        N/A       1%          4
 Hailstorm                Conj/Ice       67%        3d14      1%          4
 Fireball                 Conj/Fire      36%        3d15      1%          5
 Irradiate                Conj/Tmut      40%        3d25      1%          5
 Iskenderun's Battlesphe  Conj           90%        2d14      1%          5
 Summon Small Mammal      Summ           100%       N/A       2%          1
 Frozen Ramparts          Ice            56%        1d9       2%          3
 Freezing Cloud           Conj/Ice/Air   30%        6-21      2%          5
 Conjure Ball Lightning   Conj/Air       36%        3x3d12    3%          6
 Call Imp                 Summ           28%        N/A       4%          2
 Sublimation of Blood     Necr           28%        N/A       4%          2
 Corpse Rot               Necr/Pois/Air  55%        N/A       4%          4
 Petrify                  Tmut/Erth      55%        N/A       4%          4
 Leda's Liquefaction      Hex/Erth       26%        N/A       6%          4
 Iron Shot                Conj/Erth      33%        9d7       6%          6
 Call Canine Familiar     Summ           28%        N/A       9%          3
 Ozocubu's Armour         Ice            28%        N/A       9%          3
 Silence                  Hex/Air        29%        N/A       9%          5
 Passage of Golubria      Tloc           41%        N/A       12%         4
 Summon Lightning Spire   Summ/Air       38%        N/A       16%         4
 Metabolic Englaciation   Hex/Ice        26%        N/A       16%         5
 Lee's Rapid Deconstruct  Erth           14%        3d10*     21%         5
 Dispel Undead            Necr           28%        3d13      26%         4
 Summon Ice Beast         Ice/Summ       28%        N/A       26%         4
 Borgnjor's Vile Clutch   Necr/Erth      14%        N/A       58%         5
 Death Channel            Necr           14%        N/A       98%         6
 Simulacrum               Ice/Necr       14%        N/A       98%         6
 Summon Cactus Giant      Summ           14%        N/A       98%         6
 Spellforged Servitor     Conj/Summ      33%        N/A       26%         7
 Lehudib's Crystal Spear  Conj/Erth      33%        10d9      85%         8
 Ozocubu's Refrigeration  Ice            14%        4d10      98%         7
 Discord                  Hex            34%        N/A       99%         8
 Malign Gateway           Summ/Tloc      17%        N/A       100%        7
 Summon Hydra             Summ           14%        N/A       100%        7
 Ignition                 Fire           24%        3d8       100%        8
 Summon Horrible Things   Summ           14%        N/A       100%        8
 Dragon's Call            Summ           14%        N/A       100%        9
 Fire Storm               Conj/Fire      36%        8d9       100%        9
 Polar Vortex             Ice            14%        N/A       100%        9
 Shatter                  Erth           14%        3d14*     100%        9
 Swiftness                Air            Unusable   N/A       N/A         3

Inventory:

Hand Weapons
 F - the +7 lajatang "Hydrabane" (weapon) {drain, Fragile Will++ Str+2}
   (You bought it in a shop on level 4 of the Dungeon)

   A truly terrible weapon, it drains the life of any living foe it strikes.
   Str:       It affects your strength (+2).
   Fragile:   It will be destroyed if unequipped.
   Will:      It greatly increases your willpower.
Missiles
 v - 2 throwing nets
 D - 8 curare-tipped darts {@f4}
Armour
 b - the +2 leather armour of Jitukhlia {rC+ Regen+ Str-3}
   (You found it on level 5 of the Lair of Beasts)

   Str:       It affects your strength (-3).
   rC:        It protects you from cold.
   Regen:     It increases your rate of health regeneration.
 g - a +0 pair of gloves (worn)
 z - a +2 kite shield of cold resistance (worn)
 A - a +0 leather armour of poison resistance {@f3}
 G - a +1 pair of boots of stealth (worn)
 I - a +1 cloak of preservation (worn)
 R - +1 pearl dragon scales (worn)
Jewellery
 k - the ring of Dawithar (left hand) {*Slow Str+6 Int+6 Dex+2}
   (You acquired it on level 4 of the Snake Pit)

   [ring of intelligence]

   Str:       It affects your strength (+6).
   Int:       It affects your intelligence (+6).
   Dex:       It affects your dexterity (+2).
   *Slow:     It may slow you when you take damage.
 w - an amulet of the acrobat (around neck)
 L - a ring of flight
 N - a ring of positive energy
 X - the ring of Fragile Peace (right hand) {Wiz rF++}
   (You found it in a Gauntlet)

   [ring of wizardry]

   It improves your spell success rate.
   rF:        It greatly protects you from fire.
Wands
 c - a wand of digging (14)
 r - a wand of roots (43)
 y - a wand of paralysis (36)
 K - a wand of mindburst (11)
 O - a wand of polymorph (13)
 U - a wand of light (10)
Scrolls
 a - a scroll of silence {!r}
 f - 2 scrolls of magic mapping
 h - 5 scrolls of enchant weapon
 l - 5 scrolls of immolation {!r}
 q - 4 scrolls of enchant armour
 s - 2 scrolls of noise {!r}
 x - 3 scrolls of vulnerability {!r}
 J - 2 scrolls of blinking {@r3}
 M - 2 scrolls of amnesia
 Q - 4 scrolls of fog {@r5}
 S - a scroll of acquirement
 T - 4 scrolls of fear
 V - a scroll of brand weapon
 W - 2 scrolls of identify {@r1}
 Y - 3 scrolls of summoning
 Z - 3 scrolls of poison {@f3}
Potions
 d - 5 potions of heal wounds {@q2}
 e - a potion of ambrosia
 i - 4 potions of invisibility
 j - 8 potions of mutation {!q}
 m - 10 potions of curing {@q1}
 n - 5 potions of might
 o - 4 potions of attraction {!q}
 t - 5 potions of resistance
 u - 5 potions of flight
 B - 2 potions of cancellation
 C - 7 potions of brilliance
 E - 8 potions of degeneration {!q}
 P - 2 potions of magic
Miscellaneous
 p - a box of beasts
 H - a phantom mirror (inert)

Dungeon Overview and Level Annotations

Branches:
Dungeon (15/15)            Temple (1/1) D:7            Lair (5/5) D:8
  Swamp (0/4) Lair:3        Snake (4/4) Lair:3        Slime (0/5) Lair:5
    Orc (2/2) D:10            Elf (2/3) Orc:2        Vaults (0/5) D:14
Gauntlet (visited)
 Depths: D:15

Altars:
Ashenzari
Cheibriados
Dithmenos
Elyvilon
Fedhas
Gozag
Hepliaklqana
Kikubaaqudgha
Makhleb
Nemelex Xobeh
Okawaru
Qazlal
Ru
Sif Muna
Trog
Uskayaw
Vehumet
Wu Jian
Xom
Yredelemnul
Zin
The Shining One
Jiyva

Shops:
D:1 [   D:4 !!(!   Orc:2 (:[(   Snake:1 (   Snake:4 (?(

Portals:
Abyss: D:11
Trove: Elf:1 (give +5 fire dragon scales)

Annotations:
D:3 exclusion: downstairs
D:6 1 runed translucent door, Buttons840's ghost, novice TrFi
D:8 1 runed translucent door
D:11 2 transporters, purpskrrrp's ghost, journeyman GrMo
D:13 exclusion: downstairs
Lair:1 2 transporters, Lemondrips's ghost, journeyman TrDe
Lair:2 3 runed translucent doors, ChongLi's ghost, journeyman DsGl
Elf:2 Louise

##.# #..#
#.#####....)..#....# .#.#
##..#####.....'.............
.#.#
#..........####.......(.....
.#.# #...#####.##
#......#...... .#.###...#
#.# ##....##......
.'.......# #.# ##..###......
########## ### #''###......
########§§..'......
#e@§§§§§§§###......
#§######§§# ##....# { #e#
##.###...... #@# #...'......
#§# #.###...... { #§# #^#
#...... #☼# #.# #...... #§#
#.# #...... #.).{......
.......


You could see Louise (empowered, extremely poisoned), a deep elf pyromancer
(blind) and a deep elf zephyrmancer (blind, drained).


Message History

The deep elf zephyrmancer hits you but does no damage.
The deep elf pyromancer gestures wildly while chanting.
The deep elf pyromancer struggles to blink free from constriction.
Louise is engulfed in poison gas.
Louise looks as sick as possible!
Louise casts a spell.
Louise struggles to blink free from constriction.
Press: ? - help, v - describe, . - travel
Here: Louise, wielding a +1 demon trident of electrocution, wearing a +0 chain mail and wearing a +0 tower shield (poison gas, heavily wounded, spells empowered, extremely poisoned, constricted by roots)
The floor.
Unknown command.
Okay, then.
Casting: Lightning Bolt (mildly dangerous; 1% risk of failure)
Confirm with . or Enter, or press ? or * to list all spells.
Casting: Dazzling Flash (safe; 1% risk of failure)
Press: ? - help, Dir - look around, f - activate The deep elf zephyrmancer is dazzled.
The deep elf pyromancer is dazzled.
The grasping roots constrict the deep elf pyromancer!
The grasping roots constrict Louise!
The roots release their grip on the deep elf pyromancer.
The roots release their grip on Louise.
The deep elf zephyrmancer gestures at you while chanting.
The bolt of lightning hits you!!
* * * LOW HITPOINT WARNING * * *
Louise looks as sick as possible!
Louise casts a spell at you.
The bolt of lightning misses the deep elf pyromancer.
The bolt of lightning hits you!!!
* * * LOW HITPOINT WARNING * * *
The bolt of lightning hits you!!!
You die...

Skill      XL: |  1  2  3  4  5  6  7  8  9 10 11 12 13 14 15 16 17 18 19 |
---------------+----------------------------------------------------------+-----
Conjurations   | 4 5 7 8 10 12 14 15 | 15.0
Spellcasting   | 3 5 6 8 9 10 11 14 16 17 18 | 18.0
Short Blades   | 1 2 |  2.0
Hexes          | 3 7 8 |  8.0
Fighting       | 4 7 8 11 12 | 12.0
Stealth        | 4 7 |  7.9
Dodging        | 5 7 8 |  8.0
Evocations     | 5 7 8 |  8.0
Translocations | 1 2 |  2.0
Fire Magic     | 1 3 |  3.0
Poison Magic   | 4 6 8 9 10 11 | 11.0
Air Magic      | 1 3 |  3.0
Transmutations | 3 6 7 8 9 |  9.0
Armour         | 5 8 |  8.0
Shields        | 5 8 9 12 | 12.0

Action                   |  1- 3 |  4- 6 |  7- 9 | 10-12 | 13-15 | 16-18 | 19-21 || total
-------------------------+-------+-------+-------+-------+-------+-------+-------++-------
Melee: Unarmed           |     4 |       |       |       |       |    10 |       ||    14
       Short sword       |    17 |    52 |    76 |   174 |   251 |   114 |       ||   684
       Punch             |     1 |       |       |     5 |     3 |     1 |       ||    10
       Lajatang          |       |       |       |       |       |   157 |    74 ||   231
 Fire: Sling             |       |       |       |     2 |       |       |       ||     2
 Cast: Magic Dart        |    71 |    74 |   206 |   208 |   277 |   246 |    16 ||  1098
       Searing Ray       |     1 |    11 |    22 |    28 |    74 |     1 |       ||   137
       Dazzling Flash    |       |       |    10 |       |     2 |       |     1 ||    13
       Fulminant Prism   |       |       |     4 |    98 |   112 |     8 |     4 ||   226
       Iskenderun's Myst |       |       |       |     1 |    47 |   145 |     5 ||   198
       Olgreb's Toxic Ra |       |       |       |    40 |   116 |    75 |    19 ||   250
       Mephitic Cloud    |       |       |       |     1 |     7 |    31 |     2 ||    41
       Sticky Flame      |       |       |       |       |     2 |     2 |     7 ||    11
       Eringya's Noxious |       |       |       |       |    13 |    92 |       ||   105
       Lightning Bolt    |       |       |       |       |    11 |   124 |    48 ||   183
       Orb of Destructio |       |       |       |       |       |    19 |    30 ||    49
       Yara's Violent Un |       |       |       |       |       |    10 |    13 ||    23
Evoke: Wand              |       |       |     2 |    12 |    19 |     9 |     1 ||    43
       Box of beasts     |       |       |       |       |     2 |     1 |       ||     3
       Phantom mirror    |       |       |       |       |       |       |     1 ||     1
  Use: Scroll            |       |       |       |       |       |    28 |     1 ||    29
 Stab: Sleeping          |       |     1 |       |     2 |       |     3 |       ||     6
       Invisible         |       |       |     1 |       |     1 |       |       ||     2
       Paralysed         |       |       |       |     9 |    11 |       |       ||    20
       Confused          |       |       |       |       |     1 |     4 |     1 ||     6
       Distracted        |       |       |       |       |     1 |       |       ||     1
Armor: Robe              |     5 |    21 |    30 |    67 |   106 |    13 |       ||   242
       Leather armour    |       |       |       |       |     4 |    51 |       ||    55
       Pearl dragon scal |       |       |       |       |       |   118 |    38 ||   156
Dodge: Dodged            |    19 |    45 |    88 |   222 |   372 |   367 |    62 ||  1175
Block: Buckler           |       |       |       |       |       |    82 |       ||    82
       Kite shield       |       |       |       |       |       |   124 |    71 ||   195

Levels and vault maps discovered:
D:1:      saegor_arrival_simple_a, layout_basic, serial_shops,
          nicolae_shop_behind_doors
D:2:      layout_basic, basic_altar,
          dreamdust_ecumenical_altar_hidden_monk_grotto
D:3:      minmay_roachtagon, layout_basic, kennysheep_big_empty_room
D:4:      layout_basic, led_sif_book, serial_shops, shop_fountains,
          nicolae_square_shop, kennysheep_little_box, nicolae_shop_waterfront,
          kennysheep_opposing_triangles, uniq_natasha, uniq_crazy_yiuf_cottage,
          uniq_grinder
D:5:      layout_loops_corners, mainiacjoe_overflow_six_doors_small
D:6:      layout_basic, mainiacjoe_overflow_catch_the_wave,
          mainiacjoe_overflow_alcove_1, ebering_ghost_sewer_d,
          reono_crystal_passage, uniq_pikel
D:7:      layout_rooms, nemelex_dance_club_becter,
          minmay_temple_entry_antechambers, minmay_the_grid_2x2
          [minmay_the_grid_minigrid_small, minmay_the_grid_armoury,
          minmay_the_grid_rooms, minmay_the_grid_prize_diamond_cup]
D:8:      cheibrodos_shockbox, layout_cave_pools, lemuel_tele_altar,
          lair_entry_dummy, uniq_grum
D:9:      layout_basic, uniq_erica
D:10:     layout_loops_cross, tso_altar, zombieorc2_lemuel,
          introduction_to_nature_2
D:11:     layout_basic, special_room [special_room_kobold],
          gammafunk_ghost_abyssal_escape, nicolae_ru_the_path_less_chosen
D:12:     minmay_two_paths, layout_rooms, gauntlet_entry_generic
D:13:     layout_irregular_city
D:14:     kennysheep_funnel, layout_irregular_city,
          hangedman_vaults_entry_quadrant_bands, grunt_ministairs_13
D:15:     hangedman_depths_entry_try_elsewhere_first, layout_rooms, special_room
          [special_room_orc], serial_aquarium, aquarium_bridge_square
          [aquarium_subvault_bridge, aquarium_subvault_balcony,
          aquarium_subvault_wall, aquarium_subvault_window],
          aquarium_window_corner, aquarium_window_1, aquarium_window_1,
          aquarium_window_double, aquarium_view_2e, aquarium_pool_side,
          kennysheep_two_boxes
Temple:   nicolae_temple_two_arcs
Lair:1:   layout_regular_city, gammafunk_ghost_hive
Lair:2:   layout_loops_ring, gammafunk_ghost_hydra_chop,
          kennysheep_snail_temple, serial_bayou_shore_b, uniq_sonja
Lair:3:   layout_loops_ring, palyth_hydra_swamp_entry,
          guppyfry_snake_entry_garden, serial_bayou_shore_b, uniq_kirke,
          uniq_nessos
Lair:4:   layout_cellular_growth, st_stairs_6, grunt_megastairs_4
Lair:5:   minmay_lair_end_frog_pond, layout_gridlike, dpeg_slime_entry_enclosed,
          serial_bayou_pond_e
Snake:1:  layout_layer_cave, serial_shops, nicolae_shop_statue_plus,
          grunt_megastairs_2, uniq_aizul
Snake:2:  layout_chambers, grunt_megastairs_5
Snake:3:  layout_basic, uniq_saint_roka
Snake:4:  hellmonk_snake_rune_quicksilver_temple, layout_chambers,
          serial_bayou_shore_b, minmay_shop_star
Orc:1:    layout_diamond_mine, basic_altar
Orc:2:    st_orc_town, layout_diamond_mine
Elf:1:    minmay_elf_arrival_summoners, layout_loops_cross,
          nicolae_trove_entry_path_of_doom, serial_hangedman_research,
          hangedman_research_convocations, hangedman_research_probablistics,
          hangedman_research_thermodynamics, hangedman_research_toxicology,
          hangedman_research_geology, minmay_elf_demonology
Elf:2:    nicolae_elf_blades_splatter_lattice
          [nicolae_blade_entry_area_security], layout_gridlike, minivault_4,
          uniq_louise

Notes
Turn   | Place    | Note
-------+----------+-------------------------------------------
     0 | D:1      | browni3141 the Formicid Conjurer began the quest for the
                  | Orb.
     0 | D:1      | Reached XP level 1. HP: 13/13 MP: 3/3
   317 | D:1      | Reached skill level 4 in Conjurations
   317 | D:1      | Reached XP level 2. HP: 14/19 MP: 0/5
   320 | D:1      | Learned a level 2 spell: Searing Ray
   628 | D:1      | Found Uruxath's Antique Armour Emporium.
   940 | D:2      | Reached XP level 3. HP: 24/24 MP: 4/7
  1046 | D:2      | Reached skill level 3 in Spellcasting
  1161 | D:2      | Found a basalt altar of Yredelemnul.
  1263 | D:2      | Reached skill level 1 in Short Blades
  2395 | D:2      | Found a faded altar of an unknown god.
  2655 | D:3      | Reached XP level 4. HP: 30/30 MP: 0/8
  3102 | D:4      | Noticed Grinder
  3597 | D:3      | Learned a level 3 spell: Dazzling Flash
  3969 | D:3      | Reached XP level 5. HP: 35/35 MP: 4/9
  4048 | D:3      | Reached skill level 5 in Conjurations
  4191 | D:4      | Found Noohoi's Distillery.
  4197 | D:4      | Reached skill level 1 in Hexes
  4348 | D:4      | Reached skill level 2 in Hexes
  4423 | D:4      | Reached skill level 3 in Hexes
  4536 | D:4      | Reached XP level 6. HP: 34/41 MP: 1/11
  4659 | D:4      | Reached skill level 4 in Spellcasting
  4891 | D:4      | Reached skill level 5 in Spellcasting
  4891 | D:4      | Reached XP level 7. HP: 44/46 MP: 3/14
  5052 | D:4      | Reached skill level 2 in Short Blades
  5052 | D:4      | Reached skill level 1 in Fighting
  5066 | D:4      | Found Zacsamma's Weapon Shop.
  5263 | D:4      | Found Ugi Tagg's Distillery.
  5506 | D:4      | Reached skill level 2 in Fighting
  5627 | D:4      | Found Zitass's Distillery.
  5679 | D:4      | Noticed Natasha
  5683 | D:4      | Killed Natasha
  5743 | D:4      | Killed Grinder
  5744 | D:4      | Reached skill level 4 in Fighting
  5770 | D:4      | Reached XP level 8. HP: 32/60 MP: 0/15
  6028 | D:4      | Found a runed translucent door.
  6029 | D:4      | Noticed Crazy Yiuf
  6185 | D:4      | Found a shimmering blue altar of Sif Muna.
  6502 | D:4      | Noticed Natasha
  6506 | D:4      | Killed Natasha
  6564 | D:4      | Killed Crazy Yiuf
  6565 | D:4      | Reached skill level 6 in Conjurations
  6694 | D:4      | Noticed Natasha
  6702 | D:4      | Killed Natasha
  6703 | D:4      | Reached skill level 3 in Stealth
  6753 | D:5      | Entered Level 5 of the Dungeon
  6964 | D:5      | Reached skill level 4 in Stealth
  7460 | D:5      | Found a white marble altar of Elyvilon.
  7517 | D:5      | Reached skill level 7 in Conjurations
  8044 | D:6      | Found a runed translucent door.
  8051 | D:6      | Noticed Buttons840's ghost (novice TrFi)
  8168 | D:6      | Found a burning altar of Makhleb.
  8177 | D:6      | Reached XP level 9. HP: 65/65 MP: 10/16
  8303 | D:6      | Reached skill level 8 in Conjurations
  8400 | D:6      | Reached skill level 4 in Hexes
  8643 | D:6      | Reached skill level 5 in Hexes
  8794 | D:6      | Reached skill level 2 in Dodging
  8886 | D:6      | Reached skill level 3 in Dodging
  8980 | D:6      | Found a broken altar of Ashenzari.
  9013 | D:6      | Found a hazy altar of Hepliaklqana.
  9178 | D:6      | Identified a +2 robe of the Archmagi
  9178 | D:6      | Noticed Pikel
  9224 | D:6      | Killed Pikel
  9225 | D:6      | Reached skill level 5 in Dodging
  9242 | D:6      | Learned a level 4 spell: Fulminant Prism
  9701 | D:7      | Noticed a skeletal warrior
  9725 | D:7      | Killed a skeletal warrior
  9726 | D:7      | Reached skill level 6 in Spellcasting
  9726 | D:7      | Reached skill level 6 in Hexes
  9726 | D:7      | Reached skill level 7 in Hexes
  9726 | D:7      | Reached XP level 10. HP: 71/71 MP: 2/19
  9806 | D:7      | Reached skill level 8 in Hexes
  9806 | D:7      | Reached skill level 1 in Evocations
  9886 | D:7      | Reached skill level 2 in Evocations
  9899 | D:7      | Noticed a two-headed ogre
  9937 | D:7      | Reached skill level 3 in Evocations
  9944 | D:7      | Killed a two-headed ogre
  9945 | D:7      | Reached skill level 5 in Evocations
 10113 | D:7      | Found a staircase to the Ecumenical Temple.
 10186 | Temple   | Entered the Ecumenical Temple
 10302 | Temple   | Became a worshipper of Vehumet
 10339 | D:7      | Noticed an orc knight
 10349 | D:7      | Killed an orc knight
 10350 | D:7      | Reached skill level 7 in Spellcasting
 10716 | D:7      | Found a sparkling altar of Nemelex Xobeh.
 10920 | D:7      | Reached skill level 8 in Spellcasting
 10925 | D:7      | Learned a level 4 spell: Iskenderun's Mystic Blast
 10930 | D:7      | Learned a level 4 spell: Sticky Flame
 11047 | D:7      | Reached skill level 1 in Translocations
 11047 | D:7      | Reached skill level 1 in Fire Magic
 11047 | D:7      | Reached XP level 11. HP: 67/77 MP: 10/23
 11555 | D:7      | Noticed a manticore
 11582 | D:7      | Noticed a cyclops
 11583 | D:7      | Killed a manticore
 11584 | D:7      | Reached skill level 2 in Fire Magic
 11726 | D:7      | Killed a cyclops
 11727 | D:7      | Reached skill level 2 in Translocations
 11758 | D:7      | Got the Vellum of Tainted Hypothermia
 11763 | D:7      | Learned a level 3 spell: Mephitic Cloud
 11952 | D:8      | Reached skill level 1 in Poison Magic
 12019 | D:8      | Found a staircase to the Lair.
 12028 | D:8      | Found a runed translucent door.
 12029 | D:8      | Noticed a sixfirhy
 12043 | D:8      | Noticed a two-headed ogre
 12060 | D:8      | Killed a two-headed ogre
 12061 | D:8      | Reached skill level 3 in Fire Magic
 12061 | D:8      | Reached skill level 1 in Air Magic
 12061 | D:8      | Reached skill level 3 in Poison Magic
 12139 | D:8      | Reached skill level 4 in Poison Magic
 12144 | D:8      | Reached * piety under Vehumet
 12144 | D:8      | Offered knowledge of Freeze by Vehumet.
 12145 | D:8      | Reached skill level 9 in Conjurations
 12168 | D:8      | Noticed Grum
 12176 | D:8      | Killed Grum
 13084 | D:8      | Found a hide-covered altar of Uskayaw.
 13295 | D:9      | Noticed Erica
 13304 | D:9      | Killed Erica
 13304 | D:9      | Reached ** piety under Vehumet
 13305 | D:9      | Reached skill level 10 in Conjurations
 13655 | D:9      | Offered knowledge of Shock by Vehumet.
 13954 | D:9      | Identified the +2 sling of the Snake Pit {venom, SInv}
 14390 | D:10     | Entered Level 10 of the Dungeon
 14423 | D:10     | Reached skill level 9 in Spellcasting
 14562 | D:10     | Offered knowledge of Stone Arrow by Vehumet.
 14583 | D:10     | Reached *** piety under Vehumet
 14631 | D:10     | Reached XP level 12. HP: 83/83 MP: 11/25
 14776 | D:10     | Found a staircase to the Orcish Mines.
 14822 | D:10     | Found a glowing golden altar of the Shining One.
 14922 | D:10     | Offered knowledge of Olgreb's Toxic Radiance by Vehumet.
 15595 | D:10     | Reached skill level 10 in Spellcasting
 15600 | D:10     | Learned a level 4 spell: Olgreb's Toxic Radiance
 15865 | Orc:1    | Entered Level 1 of the Orcish Mines
 15985 | Orc:2    | Entered Level 2 of the Orcish Mines
 16385 | Orc:1    | Reached skill level 5 in Poison Magic
 16619 | Orc:2    | Found a staircase to the Elven Halls.
 16675 | Orc:2    | Reached **** piety under Vehumet
 17111 | Orc:2    | Reached skill level 6 in Poison Magic
 17519 | Orc:2    | Reached skill level 11 in Conjurations
 17728 | Orc:2    | Noticed an orc high priest
 17917 | Orc:2    | Killed an orc high priest
 17948 | Orc:2    | Offered knowledge of Airstrike by Vehumet.
 18033 | Orc:2    | Noticed an orc high priest
 18039 | Orc:2    | Killed an orc high priest
 18238 | Orc:1    | Noticed a two-headed ogre
 18244 | Orc:1    | Killed a two-headed ogre
 18249 | Orc:1    | Reached skill level 12 in Conjurations
 18395 | Orc:2    | Reached ***** piety under Vehumet
 18521 | Orc:1    | Offered knowledge of Eringya's Noxious Bog by Vehumet.
 18529 | Orc:1    | Learned a level 6 spell: Eringya's Noxious Bog
 19262 | Orc:2    | Reached XP level 13. HP: 90/90 MP: 22/27
 19413 | Orc:2    | Reached skill level 5 in Fighting
 19698 | Orc:2    | Reached skill level 6 in Evocations
 19790 | Orc:2    | Found Geeh's Armour Shoppe.
 19790 | Orc:2    | Found Zueply Ytyrph's Weapon Boutique.
 19841 | Orc:2    | Reached skill level 6 in Dodging
 20180 | Orc:2    | Found Gemm's Antique Weapon Shoppe.
 20180 | Orc:2    | Found Quhytt's Book Boutique.
 20195 | Orc:2    | Bought a book of the Spheres for 702 gold pieces
 20686 | Lair:1   | Entered Level 1 of the Lair of Beasts
 20717 | Lair:1   | Noticed a boulder beetle
 20730 | Lair:1   | Killed a boulder beetle
 20731 | Lair:1   | Reached skill level 6 in Fighting
 20736 | Lair:1   | Noticed a seven-headed hydra
 20742 | Lair:1   | Killed a seven-headed hydra
 20744 | Lair:1   | Reached skill level 7 in Evocations
 20751 | Lair:1   | Reached skill level 11 in Spellcasting
 21418 | Lair:1   | Got the Catalogue of Helpful Blasts
 21420 | Lair:1   | Noticed Lemondrips's ghost (journeyman TrDe)
 21422 | Lair:1   | Found a transporter.
 21426 | Lair:1   | Found a transporter.
 22398 | Lair:2   | Found a runed translucent gate.
 22398 | Lair:2   | Found a runed translucent gate.
 22398 | Lair:2   | Noticed an 11-headed hydra
 22399 | Lair:2   | Found a runed translucent gate.
 22402 | Lair:2   | Noticed a 13-headed hydra
 22402 | Lair:2   | Noticed ChongLi's ghost (journeyman DsGl)
 22530 | Lair:2   | Found a snail-covered altar of Cheibriados.
 22849 | Lair:2   | Reached skill level 7 in Fighting
 23153 | Lair:2   | Noticed Sonja
 23158 | Lair:2   | Killed Sonja
 23159 | Lair:2   | Reached skill level 7 in Dodging
 23837 | Lair:3   | Reached XP level 14. HP: 103/103 MP: 18/29
 24139 | Lair:3   | Reached skill level 8 in Evocations
 24268 | Lair:3   | Reached skill level 12 in Spellcasting
 24481 | Lair:3   | Found a staircase to the Snake Pit.
 24794 | Lair:3   | Noticed Nessos
 25186 | Lair:3   | Noticed Kirke
 25401 | Lair:3   | Killed Kirke
 25402 | Lair:3   | Reached skill level 8 in Fighting
 25721 | Lair:3   | Reached skill level 13 in Spellcasting
 25741 | Lair:3   | Reached skill level 8 in Dodging
 25766 | Lair:3   | Offered knowledge of Yara's Violent Unravelling by Vehumet.
 25773 | Lair:3   | Learned a level 5 spell: Yara's Violent Unravelling
 26792 | Lair:3   | Found a staircase to the Swamp.
 27152 | Lair:3   | Found a staircase to the Snake Pit.
 27163 | Lair:3   | Killed Nessos
 27540 | Lair:3   | Found a staircase to the Swamp.
 28547 | Lair:4   | Reached skill level 14 in Spellcasting
 29527 | Lair:5   | Entered Level 5 of the Lair of Beasts
 29560 | Lair:5   | Reached skill level 1 in Transmutations
 29574 | Lair:5   | Reached skill level 2 in Transmutations
 29600 | Lair:5   | Reached skill level 3 in Transmutations
 29754 | Lair:5   | Reached XP level 15. HP: 110/110 MP: 14/33
 29764 | Lair:5   | Reached skill level 4 in Transmutations
 30093 | Lair:5   | Reached skill level 15 in Spellcasting
 30194 | Lair:5   | Identified the +2 leather armour of Jitukhlia {rC+ Regen+
                  | Str-3}
 30659 | Lair:5   | Found a viscous altar of Jiyva.
 30659 | Lair:5   | Found a staircase to the Slime Pits.
 31634 | D:11     | Identified a +0 robe of resistance
 31636 | D:11     | Offered knowledge of Lee's Rapid Deconstruction by Vehumet.
 31809 | D:11     | Found a transporter.
 31882 | D:11     | Noticed a tentacled starspawn
 31946 | D:11     | Reached skill level 16 in Spellcasting
 32393 | D:11     | Reached skill level 7 in Poison Magic
 32630 | D:11     | Found a sacrificial altar of Ru.
 32672 | D:11     | Found a one-way gate to the infinite horrors of the Abyss.
 32672 | D:11     | Noticed purpskrrrp's ghost (journeyman GrMo)
 32674 | D:11     | Found a transporter.
 33036 | D:11     | Reached skill level 5 in Transmutations
 33333 | D:12     | Found a gate leading to a gauntlet.
 33416 | Gauntlet | Entered a Gauntlet
 33416 | Gauntlet | Found a large runed translucent door.
 33416 | Gauntlet | Found a large runed translucent door.
 33416 | Gauntlet | Found a large runed translucent door.
 33416 | Gauntlet | Found a large runed translucent door.
 33416 | Gauntlet | Found a runed translucent door.
 33416 | Gauntlet | Found a large runed translucent door.
 33416 | Gauntlet | Found a large runed translucent door.
 33416 | Gauntlet | Found a transporter.
 33416 | Gauntlet | Found a transporter.
 33416 | Gauntlet | Found a large runed translucent door.
 33416 | Gauntlet | Found a large runed translucent door.
 33416 | Gauntlet | Found a runed translucent gate.
 33416 | Gauntlet | Found a runed translucent gate.
 33416 | Gauntlet | Found a transporter.
 33417 | Gauntlet | Found a runed translucent door.
 33417 | Gauntlet | Found a runed translucent gate.
 33420 | Gauntlet | Found a transporter.
 33425 | Gauntlet | Found a large runed translucent door.
 33425 | Gauntlet | Found a large runed translucent door.
 33426 | Gauntlet | Found a large runed translucent door.
 33427 | Gauntlet | Found a large runed translucent door.
 33432 | Gauntlet | Found a transporter.
 33432 | Gauntlet | Found a transporter.
 33436 | Gauntlet | Found a transporter.
 33438 | Gauntlet | Found a transporter.
 33450 | Gauntlet | Found a transporter.
 33478 | Gauntlet | Found a transporter.
 33495 | Gauntlet | Found a transporter.
 33499 | Gauntlet | Found a transporter.
 33580 | Gauntlet | Identified the ring of Fragile Peace {Wiz rF++}
 33609 | Gauntlet | Reached skill level 8 in Poison Magic
 33619 | Gauntlet | Identified the amulet of Joros {RegenMP rCorr}
 33724 | Gauntlet | Reached skill level 6 in Transmutations
 33738 | Gauntlet | Identified the +1 hat of Entitlement {Str+3}
 33888 | Gauntlet | Identified the +10 glaive of the Ageless Queens {flame,
                  | Str+4}
 33906 | Gauntlet | Identified the +9 broad axe "Pyit" {vorpal, Dex+3}
 33906 | Gauntlet | Identified +1 pearl dragon scales
 33911 | Gauntlet | Identified the +3 leather armour "Tiny" {rN+}
 33912 | Gauntlet | Got the Tractate on Clay
 34027 | D:12     | Reached skill level 1 in Armour
 34043 | D:12     | Reached skill level 2 in Armour
 34465 | D:12     | Reached skill level 3 in Armour
 35041 | D:12     | Offered knowledge of Lightning Bolt by Vehumet.
 35042 | D:12     | Reached skill level 4 in Armour
 35196 | D:12     | Learned a level 5 spell: Lightning Bolt
 35466 | D:12     | Noticed a tengu reaver
 35471 | D:12     | Killed a tengu reaver
 35675 | D:12     | Reached skill level 5 in Armour
 35754 | D:13     | Reached XP level 16. HP: 104/117 MP: 12/36
 36748 | D:13     | Reached skill level 6 in Armour
 37594 | D:14     | Reached skill level 7 in Armour
 38282 | D:14     | Reached skill level 1 in Shields
 38739 | D:14     | Reached skill level 2 in Shields
 38988 | D:14     | Reached skill level 2 in Air Magic
 39402 | D:14     | Found a gate to the Vaults.
 39547 | D:14     | Identified the +6 battleaxe "Rakov" {drain, rN+ Int+4}
 39677 | D:15     | Entered Level 15 of the Dungeon
 40301 | D:15     | Reached skill level 3 in Shields
 40301 | D:15     | Reached skill level 17 in Spellcasting
 40649 | D:15     | Got the Vellum of the Ground and Poison
 40719 | D:15     | Reached skill level 9 in Poison Magic
 40811 | D:15     | Reached skill level 7 in Transmutations
 40958 | D:15     | Reached skill level 4 in Shields
 41002 | D:15     | Reached skill level 3 in Air Magic
 41149 | D:15     | Noticed a frost giant
 41154 | D:15     | Reached skill level 8 in Armour
 41476 | D:4      | Bought the +7 lajatang "Hydrabane" {drain, Fragile Will++
                  | Str+2} for 897 gold pieces
 41641 | Snake:1  | Entered Level 1 of the Snake Pit
 41659 | Snake:1  | Offered knowledge of Starburst by Vehumet.
 41668 | Snake:1  | Noticed Aizul
 41768 | Snake:1  | Killed Aizul
 41775 | Snake:1  | Reached skill level 5 in Shields
 42077 | Snake:1  | Found Suiqetah's Antique Weapon Boutique.
 42205 | Snake:1  | Reached XP level 17. HP: 122/122 MP: 30/38
 42412 | Snake:1  | Reached skill level 10 in Poison Magic
 42414 | Snake:1  | Reached skill level 8 in Transmutations
 44727 | Snake:2  | Reached skill level 18 in Spellcasting
 45223 | Snake:2  | Reached skill level 6 in Shields
 45476 | Snake:2  | Reached skill level 9 in Fighting
 45482 | Snake:2  | Reached skill level 7 in Shields
 46899 | Snake:3  | Reached skill level 8 in Shields
 46996 | Snake:3  | Reached skill level 10 in Fighting
 47684 | Snake:3  | Offered knowledge of Freezing Cloud by Vehumet.
 47693 | Snake:3  | Learned a level 7 spell: Orb of Destruction
 47837 | Snake:3  | Noticed Saint Roka
 47872 | Snake:3  | Killed Saint Roka
 48228 | Snake:4  | Entered Level 4 of the Snake Pit
 48265 | Snake:4  | Reached skill level 11 in Fighting
 48420 | Snake:4  | Reached XP level 18. HP: 123/138 MP: 18/40
 49378 | Snake:4  | Found Gegakhlig's Weapon Shop.
 49380 | Snake:4  | Found Nompem's Magic Scroll Boutique.
 49382 | Snake:4  | Found Dimutz's Antique Weapon Shop.
 50270 | Snake:4  | Reached skill level 12 in Fighting
 50730 | Snake:4  | Reached skill level 13 in Conjurations
 51467 | Snake:4  | Noticed a quicksilver dragon
 51474 | Snake:4  | Noticed a quicksilver dragon
 51475 | Snake:4  | Killed a quicksilver dragon
 51662 | Snake:4  | Killed a quicksilver dragon
 51931 | Snake:4  | Got a serpentine rune of Zot
 52003 | Snake:4  | Identified 2 scrolls of acquirement
 52024 | Snake:4  | Identified 5 potions of resistance
 52147 | Snake:4  | Acquired the ring of Dawithar {*Slow Str+6 Int+6 Dex+2}
 52161 | Snake:4  | Acquired 925 gold pieces
 52202 | Snake:4  | Bought a scroll of acquirement for 936 gold pieces
 52202 | Snake:4  | Bought a scroll of identify for 36 gold pieces
 52427 | Elf:1    | Entered Level 1 of the Elven Halls
 52729 | Elf:1    | Reached skill level 14 in Conjurations
 52729 | Elf:1    | Reached skill level 11 in Poison Magic
 52953 | Elf:1    | Found a portal to a secret trove of treasure.
 53045 | Elf:1    | Reached skill level 9 in Shields
 53324 | Elf:1    | Got the Collected Works on Mustering
 53540 | Elf:1    | Reached XP level 19. HP: 131/146 MP: 41/41
 53622 | Elf:1    | Offered knowledge of Maxwell's Capacitive Coupling by
                  | Vehumet.
 53623 | Elf:1    | Reached skill level 9 in Transmutations
 54084 | Elf:1    | Got the Disquisition on Illusion
 54327 | Elf:1    | Reached skill level 10 in Shields
 54538 | Elf:1    | HP: 14/146 [poisoned by a death drake (dark miasma)]
 54940 | Elf:1    | Got the Papyrus of Pollution
 55021 | Elf:1    | Got the Codex of Spellbinding
 55344 | Elf:1    | Got Sif Muna's Precepts of the Quarry
 55420 | Elf:1    | Reached skill level 11 in Shields
 55437 | Elf:1    | Got the Lessons on Firn
 55607 | Elf:2    | Reached skill level 15 in Conjurations
 55938 | Elf:2    | Reached skill level 12 in Shields
 55948 | Elf:2    | Reached skill level 5 in Stealth
 55982 | Elf:2    | Reached skill level 6 in Stealth
 56233 | Elf:2    | Reached skill level 7 in Stealth
 56803 | Elf:2    | Noticed Louise
 56808 | Elf:2    | Killed from afar by Louise

Vanquished Creatures
  Saint Roka (Snake:3)
  2 quicksilver dragons (Snake:4)
  A sphinx (Elf:1)
  A tengu reaver (D:12)
  Kirke (Lair:3)
  2 azure jellies (Elf:1)
  An iron dragon (Elf:1)
  Aizul (Snake:1)
  A deep elf elementalist (Elf:2)
  2 deep elf demonologists (Elf:1)
  Nessos (Lair:3)
  A minotaur (Gauntlet)
  An eidolon (Elf:1)
  An ettin (D:14)
  A great orb of eyes (Elf:1)
  A rakshasa (D:12)
  4 salamander tyrants
  4 boulder beetles
  Erica (D:9)
  9 hydras
  2 tengu warriors (D:13)
  5 centaur warriors
  13 anacondas
  3 catoblepae
  5 two-headed ogres
  3 dancing weapons
  13 naga warriors
  A death knight (D:11)
  9 naga sharpshooters
  7 orc high priests (Orc:2)
  15 deep elf knights
  6 shock serpents
  Sonja (Lair:2)
  7 skeletal warriors
  A death drake (Elf:1)
  2 salamander mystics
  A glowing orange brain (Elf:1)
  A goliath frog (Lair:5)
  A flayed ghost (D:12)
  A sea snake (Elf:1)
  13 deep elf archers
  Pikel (D:6)
  4 naga ritualists
  28 deep elf zephyrmancers
  2 phantasmal warriors
  12 mana vipers
  26 deep elf pyromancers
  2 wizards
  6 orc knights
  An oklob plant (D:10)
  3 orc sorcerers
  16 ugly things
  5 manticores
  A faun (shapeshifter) (D:15)
  2 worldbinders (Elf:1)
  6 elephants
  22 salamanders
  8 cyclopes
  A moth of wrath (Gauntlet)
  2 ice statues (Elf:1)
  24 black mambas
  3 guardian serpents
  A cane toad (shapeshifter) (Elf:2)
  2 gargoyles
  17 naga magi
  3 kobold demonologists
  3 torpor snails (Lair:2)
  2 rime drakes
  3 centaur skeletons (D:14)
  4 yaktaurs (D:14)
  8 komodo dragons
  22 cane toads
  An efreet (D:13)
  2 unseen horrors
  A freezing wraith (D:11)
  A tengu conjurer (D:14)
  3 polar bears
  2 tarantellas (Elf:1)
  5 hornets
  A guardian mummy (Elf:1)
  11 trolls
  A meliai (D:15)
  2 tyrant leeches (Lair:5)
  7 slime creatures
  Grinder (D:4)
  12 dream sheep
  25 blink frogs
  A centaur simulacrum (Gauntlet)
  2 air elementals
  2 wyverns (Lair:4)
  4 wraiths
  23 yaks
  A shadow (D:10)
  A vampire (D:12)
  3 hogs (Lair:3)
  A water elemental (Elf:2)
  A yak (shapeshifter) (D:12)
  3 steam dragons
  2 golden eyes (Elf:1)
  6 basilisks
  2 fire elementals
  Grum (D:8)
  7 redbacks
  12 vampire mosquitoes
  A harpy simulacrum (Elf:1)
  A swamp worm (Lair:3)
  2 hydra simulacra (Elf:1)
  4 acid dragons
  24 nagas
  12 wargs
  15 water moccasins
  3 ice beasts
  2 sky beasts
  A black bear (Lair:1)
  7 ogres
  21 orc warriors
  A black mamba simulacrum (Elf:1)
  24 wolves
  3 boggarts
  12 centaurs
  3 lemures (D:6)
  3 phantoms
  18 kobold brigands
  20 bullfrogs
  3 necrophages
  3 scorpions
  6 earth elementals
  3 gnoll sergeants
  5 wights (D:9)
  3 jellies
  A troll zombie (D:10)
  4 killer bees (D:8)
  An oklob sapling (D:10)
  5 howler monkeys
  2 electric eels (Lair:5)
  A wyvern simulacrum (Gauntlet)
  Crazy Yiuf (D:4)
  41 orc priests
  13 hounds
  3 iguanas
  23 orc wizards
  Natasha (thrice) (D:4)
  2 troll simulacra (Elf:1)
  A boggart skeleton (D:14)
  7 ogre zombies (D:10)
  A boggart simulacrum (Gauntlet)
  16 adders
  15 gnolls
  2 naga simulacra (Elf:1)
  A shadow imp (Gauntlet)
  4 white imps
  2 ufetubi (D:6)
  A worm (D:2)
  3 dart slugs
  112 orcs
  11 endoplasms
  16 giant cockroaches
  3 goblins
  6 hobgoblins
  8 jackals (D:3)
  4 quokkas
  10 ball pythons
  8 bats
  3 goblin skeletons (D:10)
  A goblin zombie (D:10)
  A hobgoblin skeleton (D:10)
  A hobgoblin zombie (D:10)
  16 kobolds
  3 orc skeletons (D:10)
  16 orc zombies (D:10)
  7 rats
  2 fulminant prisms (Gauntlet)
1115 creatures vanquished.

Vanquished Creatures (collateral kills)
  A centaur simulacrum (Gauntlet)
  A meliai simulacrum (Gauntlet)
2 creatures vanquished.

Vanquished Creatures (others)
  A bush (D:10)
  224 fulminant prisms
  32 fungi
  118 plants
375 creatures vanquished.

Grand Total: 1492 creatures vanquished

Table legend: (Time is in decaauts)
 A = Elapsed time spent in this place.
 B = Non-inter-level travel time spent in this place.
 C = Inter-level travel time spent in this place.
 D = Time resting spent in this place.
 E = Time spent auto-exploring this place.
 F = Levels seen in this place.
 G = Mean time per level.
                   A        B        C        D        E       F      G
               +--------+--------+--------+--------+--------+-----+--------+
         Total |  57055 |  54415 |   2640 |  10714 |  33588 |  30 | 1901.8 |
       Dungeon |  25451 |  23754 |   1697 |   4224 |  15035 |  15 | 1696.7 |
        Temple |    125 |    117 |      8 |      0 |    106 |   1 |  125.0 |
          Lair |  11043 |  10718 |    325 |   2100 |   6969 |   5 | 2208.6 |
     Snake Pit |  10651 |  10220 |    431 |   2028 |   6426 |   4 | 2662.8 |
  Orcish Mines |   4947 |   4788 |    159 |   1729 |   2146 |   2 | 2473.5 |
   Elven Halls |   4285 |   4265 |     20 |    443 |   2904 |   2 | 2142.5 |
      Gauntlet |    550 |    550 |      0 |    190 |      0 |   1 |  550.0 |
               +--------+--------+--------+--------+--------+-----+--------+

Top non-repeatable levels by time:
  Lair:3: 3748 daAuts
 Snake:4: 3672 daAuts
   Orc:2: 3560 daAuts
   Elf:1: 3031 daAuts
 Snake:1: 3004 daAuts
     D:4: 2592 daAuts
    D:14: 2577 daAuts
    D:12: 2433 daAuts
 Snake:2: 2199 daAuts
     D:7: 2068 daAuts
  Lair:2: 2017 daAuts
     D:2: 2004 daAuts
  Lair:4: 1884 daAuts
  Lair:5: 1848 daAuts
    D:10: 1812 daAuts

Table legend:
 A = Non-vault XP
 B = Vault XP
 C = Vault XP percentage of total XP
 D = Non-vault monster count
 E = Vault monster count
 F = Vault count percentage of total count
                 A         B        C        D         E       F
            +---------+---------+-------+---------+---------+-------
      Total |  198700 |  114897 |  36.6 |     706 |     406 |  36.5
            +---------+---------+-------+---------+---------+-------
        D:1 |      21 |       0 |   0.0 |      12 |       0 |   0.0
        D:2 |      54 |       0 |   0.0 |      21 |       0 |   0.0
        D:3 |      60 |      20 |  25.0 |      23 |      10 |  30.3
        D:4 |     629 |     463 |  42.4 |      34 |       9 |  20.9
        D:5 |     594 |       0 |   0.0 |      18 |       0 |   0.0
        D:6 |     877 |     673 |  43.4 |      22 |       1 |   4.3
        D:7 |    1326 |    4195 |  76.0 |      13 |      31 |  70.5
        D:8 |    2557 |     653 |  20.3 |      23 |       5 |  17.9
        D:9 |    1461 |     850 |  36.8 |      19 |       1 |   5.0
       D:10 |     719 |    1891 |  72.5 |      14 |      52 |  78.8
       D:11 |    5932 |    1378 |  18.9 |      22 |      15 |  40.5
       D:12 |    5098 |    7496 |  59.5 |      17 |      14 |  45.2
       D:13 |    8935 |       0 |   0.0 |      25 |       0 |   0.0
       D:14 |   10768 |    6894 |  39.0 |      25 |      22 |  46.8
       D:15 |    9892 |    1624 |  14.1 |      19 |      10 |  34.5
     Lair:1 |    7175 |       0 |   0.0 |      28 |       0 |   0.0
     Lair:2 |    3336 |    2001 |  37.5 |      15 |       4 |  21.1
     Lair:3 |   10503 |    5941 |  36.1 |      38 |      12 |  24.0
     Lair:4 |    4151 |      85 |   2.0 |      12 |       1 |   7.7
     Lair:5 |    7920 |   10756 |  57.6 |      33 |      38 |  53.5
    Snake:1 |   15080 |    3355 |  18.2 |      26 |       6 |  18.8
    Snake:2 |   22473 |    2475 |   9.9 |      44 |       5 |  10.2
    Snake:3 |    9282 |    3385 |  26.7 |      19 |      13 |  40.6
    Snake:4 |   17421 |   15626 |  47.3 |      31 |      20 |  39.2
      Orc:1 |    4299 |       0 |   0.0 |      46 |       0 |   0.0
      Orc:2 |    5021 |    7362 |  59.5 |      35 |      56 |  61.5
      Elf:1 |   20089 |   33055 |  62.2 |      33 |      65 |  66.3
      Elf:2 |   23027 |    1210 |   5.0 |      39 |       2 |   4.9
   Gauntlet |       0 |    3509 | 100.0 |       0 |      14 | 100.0
            +---------+---------+-------+---------+---------+-------
